 Dungeon Crawl Stone Soup version 0.27-b1-23-g44b8eac545 (webtiles) character file.

Game seed: 9622145240267587362

225 Crownlay the Skirmisher (level 6, -5/56 HPs)
             Began as a Hill Orc Fighter on July 27, 2021.
             Slain by a mummy (13 damage)
             ... in an ossuary.
             The game lasted 00:05:40 (2944 turns).

Crownlay the Skirmisher (Hill Orc Fighter)          Turns: 2944, Time: 00:05:40

Health: -5/56      AC:  7    Str: 19    XL:     6   Next: 1%
Magic:  6/6        EV:  7    Int:  8    God:
Gold:   41         SH: 10    Dex: 12    Spells: 5/5 levels left

rFire    . . .     SeeInvis .   a - +0 war axe
rCold    . . .     Faith    .   c - +0 kite shield
rNeg     . . .     Spirit   .   b - +0 scale mail
rPois    .         Reflect  .   (no helmet)
rElec    .         Harm     .   (no cloak)
rCorr    .         Rampage  .   (no gloves)
Will     .....                  (no boots)
Stlth    ..........             k - amulet of the acrobat
HPRegen  0.18/turn              (no ring)
MPRegen  0.10/turn              (no ring)

@: mighty
A: no striking features
a: no special abilities


You were in an ossuary.
You visited 1 branch of the dungeon, and saw 4 of its levels.
You also visited: Ossuary.

You collected 76 gold pieces.
You spent 35 gold pieces at shops.

Inventory:

Hand Weapons
 a - a +0 war axe (weapon)
Missiles
 h - 14 boomerangs (quivered)
Armour
 b - a +0 scale mail (worn)
 c - a +0 kite shield (worn)
Jewellery
 k - an amulet of the acrobat (around neck)
 r - a ring of resist corrosion
Scrolls
 e - 3 scrolls of identify {unknown}
 f - a scroll of blinking {unknown}
 g - 2 scrolls of amnesia {unknown}
 o - 2 scrolls of teleportation {unknown}
 p - a scroll of summoning {unknown}
 q - a scroll of enchant armour {unknown}
 s - a scroll of acquirement {unknown}
Potions
 i - 2 potions of brilliance {unknown}
 j - 2 potions of invisibility {unknown}
 l - a potion of heal wounds {unknown}
 m - a potion of curing
 n - a potion of berserk rage {unknown}
 t - a potion of attraction {unknown}


   Skills:
 * Level 5.1 Fighting
 - Level 2.6 Axes
 * Level 5.0 Armour
 + Level 0.1 Stealth
 * Level 4.9 Shields


You had 5 spell levels left.
You didn't know any spells.
Your spell library contained the following spells:

 Spells                   Type           Power      Damage    Failure   Level
 Freeze                   Ice            0%         1d3       99%         1
 Passwall                 Tmut/Erth      0%         N/A       100%        2
 Frozen Ramparts          Ice            0%         1d2       100%        3
 Swiftness                Air            0%         N/A       100%        3
 Hailstorm                Conj/Ice       0%         3d3       100%        4
 Invisibility             Hex            0%         N/A       100%        6


Dungeon Overview and Level Annotations

Branches:
Dungeon (4/15)            Ossuary (1/1)
 Temple: D:4-7

Altars:

Shops:
D:4 *


Message History

There is an empty arch of ancient stone here.
You hit the mummy.
The mummy is moderately damaged.
You block the mummy's attack.
You slash the mummy!
The mummy is severely damaged.
You hit the mummy. You hit the mummy but do no damage.
You block the mummy's attack. x2; The mummy hits you!
You are too injured to fight recklessly!
You are too injured to fight recklessly!
You are too injured to fight recklessly!
You are too injured to fight recklessly!
You are too injured to fight recklessly!
You are too injured to fight recklessly!
You slash the mummy!
You destroy the mummy!
You slash the mummy! x2; The mummy hits you.
The mummy hits you!
* * * LOW HITPOINT WARNING * * *
Your Armour skill increases to level 5!
You have reached level 6!
Your experience leads to an increase in your attributes!
Increase (S)trength, (I)ntelligence, or (D)exterity?
You feel agile.
You feel very mighty all of a sudden.
You closely miss the mummy.
The mummy is heavily damaged.
You hit the mummy. The mummy barely misses you. You block the mummy's attack.
You barely miss the mummy.
The mummy is heavily damaged.
You hit the hobgoblin zombie. x2; You hit the mummy.
The hobgoblin zombie barely misses you. The mummy hits you.
* * * LOW HITPOINT WARNING * * *
The mummy hits you.
* * * LOW HITPOINT WARNING * * *
The hobgoblin zombie hits you but does no damage.
It was a potion of curing.
You feel better.
You block the hobgoblin zombie's attack.
The hobgoblin zombie closely misses you.
The mummy hits you!
You die...

#
#.###########
..^.....Z.M.##
........Z@...#
.^^..∩.∩.M...#
..^..........#
............##
#.###########
#


You could see 2 mummies and 2 hobgoblin zombies.

Vanquished Creatures
  A jelly (D:3)
  Jessica (D:2)
  An iguana (D:4)
  Natasha (twice) (D:2)
  A mummy (Ossuary)
  2 adders
  A worm (D:2)
  3 dart slugs
  3 orcs (D:3)
  9 endoplasms
  A giant cockroach (D:3)
  4 hobgoblins (D:1)
  2 jackals (D:2)
  4 ball pythons
  4 bats
  2 frilled lizards
  5 goblins
  4 kobolds
  5 rats
55 creatures vanquished.

Notes
Turn   | Place    | Note
-------+----------+-------------------------------------------
     0 | D:1      | Crownlay the Hill Orc Fighter began the quest for the Orb.
     0 | D:1      | Reached XP level 1. HP: 19/19 MP: 1/1
    46 | D:1      | Found a faded altar of an unknown god.
    81 | D:1      | Reached XP level 2. HP: 24/27 MP: 2/2
   556 | D:2      | Reached XP level 3. HP: 27/33 MP: 3/3
   804 | D:2      | Noticed Jessica
   809 | D:2      | Killed Jessica
   810 | D:2      | Reached XP level 4. HP: 35/41 MP: 4/4
  1321 | D:2      | Noticed Natasha
  1329 | D:2      | Killed Natasha
  1564 | D:2      | Noticed Natasha
  1570 | D:2      | Killed Natasha
  1571 | D:2      | Reached XP level 5. HP: 47/47 MP: 5/5
  2639 | D:4      | Found Hituq's Specific Store.
  2641 | D:4      | Found Acesal's General Store.
  2685 | D:4      | Reached skill level 5 in Fighting
  2853 | D:4      | Bought a scroll of magic mapping for 35 gold pieces
  2930 | D:4      | Found a sand-covered staircase.
  2935 | Ossuary  | Entered an ossuary
  2941 | Ossuary  | Reached skill level 5 in Armour
  2941 | Ossuary  | Reached XP level 6. HP: 8/56 MP: 6/6
  2943 | Ossuary  | HP: 2/56 [mummy (6)]
  2944 | Ossuary  | Slain by a mummy

Illustrated notes

Levels and vault maps discovered:
D:1:      eino_arrival_water_star, layout_rooms,
          hellmonk_ecumenical_altar_prayer_group
D:2:      layout_basic, grunt_ministairs_6, uniq_jessica, uniq_natasha
D:3:      layout_basic
D:4:      layout_basic, enter_ossuary_2, nicolae_specific_store
Ossuary:  ossuary_the_hunt_dpeg

Skill      XL: |  1  2  3  4  5 |
---------------+----------------+-----
Fighting       | 4 5 |  5.1
Armour         | 4 5 |  5.0
Shields        | 4 |  4.9
Axes           | |  2.6
Stealth        | |  0.1

Action                   |  1- 3 |  4- 6 || total
-------------------------+-------+-------++-------
Melee: War axe           |    66 |    80 ||   146
  Use: Scroll            |       |     1 ||     1
       Potion            |       |     2 ||     2
Armor: Scale mail        |    23 |    21 ||    44
Dodge: Dodged            |    25 |    34 ||    59
Block: Kite shield       |    28 |    42 ||    70
